Map: Ephemeron LE

Players

Kurama

  • Race: Zerg Zerg
  • Spawn Location: 11:00

pHARM - Winner!

  • Race: Zerg Zerg
  • League: Platinum
  • Spawn Location: 5:00

VOD

Have the link to the VOD?

Description

Time

  • Played on: Oct. 6, 2019, 2:01 a.m.
  • Length: 13:23
Show
View Real Time Build Order
Export as new Build Order

Kurama Zerg 

Build Orders: Pool First 

Get SALT Encoding   

  12  0:01  Drone  
  13  0:13  Overlord  
  13  0:21  Drone  
  14  0:38  Drone x3  
  17  0:52  Spawning Pool  
  16  1:14  Hatchery  
  15  1:27  Drone x3  
  18  1:44  Spine Crawler  
  18  1:46  Drone  
  18  1:49  Drone  
  18  1:51  Queen  
  22  2:14  Extractor  
  22  2:15  Extractor  
  20  2:16  Drone x2  
  22  2:22  Roach Warren  
  22  2:26  Drone x2  
  23  2:32  Queen  
  23  2:34  Overlord  
  25  2:41  Overlord  
  25  2:54  Zergling x6  
  28  3:03  Drone x2  
  30  3:08  Drone x2  
  30  3:11  Pneumatized Carapace  
  32  3:23  Baneling Nest  
  31  3:28  Drone x4  
  35  3:45  Queen  
  37  3:49  Overlord  
  37  3:50  Overlord  
  37  3:54  Queen  
  39  3:59  Metabolic Boost  
  39  4:06  Spore Crawler  
  39  4:09  Drone  
  39  4:11  Spore Crawler  
  38  4:22  Baneling x2  
  38  4:23  Baneling  
  38  4:24  Baneling  
  38  4:25  Baneling  
  38  4:27  Hatchery  
  37  5:12  Roach x5  
  47  5:21  Lair  
  47  5:22  Drone x4  
  47  5:23  Drone x6  
  57  5:34  Roach  
  59  5:40  Drone x6  
  65  5:57  Extractor  
  65  5:58  Extractor  
  65  6:02  Roach  
  65  6:05  Overlord  
  65  6:06  Overlord x3  
  65  6:24  Drone  
  65  6:25  Drone x2  
  68  6:27  Drone x3  
  68  6:30  Roach x5  
  81  6:39  Evolution Chamber  
  80  6:40  Evolution Chamber  
  79  6:49  Roach x4  
  79  6:50  Roach x4  
  91  6:59  Roach x2  
  94  7:05  Ravager  
  94  7:08  Ravager  
  96  7:09  Ravager  
  96  7:14  Ravager  
  96  7:18  Roach  
  96  7:21  Overlord x2  
  96  7:22  Overlord x3  
  98  8:00  Roach  
  98  8:01  Roach x8  
  116  8:14  Roach  
  116  8:15  Roach x8  
  122  8:40  Roach x2  
  122  8:41  Roach x10  
  137  8:42  Roach  
  127  8:55  Ravager x3  
  127  8:56  Ravager x4  
  127  8:57  Roach  
  127  8:58  Roach x2  
  138  9:05  Overseer  
  138  9:13  Overlord x3  
  138  9:14  Overlord x3  
  138  9:38  Drone x2  
  139  9:39  Drone x13  
  153  9:59  Extractor  
  152  10:01  Extractor  
  151  10:16  Roach  
  151  10:17  Roach x8  
  169  10:33  Roach x5  
  179  10:37  Zerg Missile Weapons Level 1  
  179  10:38  Zerg Ground Armor Level 1  
  179  11:04  Hatchery  
  154  11:07  Roach x3  
  154  11:08  Roach x6  
  154  11:10  Ravager x4  
  149  11:11  Ravager  
  103  11:26  Roach x5  
  103  11:27  Roach x4  
  119  11:36  Ravager x5  
  119  11:37  Ravager  
  119  11:39  Roach x3  
  131  11:50  Extractor  
  130  12:13  Roach x7  
  130  12:14  Roach x8  
  121  12:24  Roach x3  
Show
View Real Time Build Order
Export as new Build Order

pHARM Zerg - Winner!

Build Orders: Hatch First, Roach Hydra 

Get SALT Encoding   

  12  0:01  Drone  
  13  0:21  Overlord  
  13  0:23  Drone  
  14  0:39  Drone x2  
  16  1:01  Hatchery  
  15  1:09  Drone x2  
  17  1:13  Drone  
  18  1:29  Spawning Pool  
  18  1:31  Drone  
  18  1:35  Drone  
  19  1:54  Drone x2  
  21  2:07  Drone  
  22  2:15  Queen x2  
  26  2:23  Extractor  
  26  2:30  Drone x3  
  26  2:34  Overlord  
  26  2:35  Spine Crawler  
  27  2:55  Queen  
  27  2:56  Drone x5  
  34  3:13  Drone x2  
  34  3:16  Drone, Baneling Nest  
  34  3:19  Overlord  
  36  3:35  Evolution Chamber  
  36  3:39  Roach Warren  
  34  3:46  Drone x7  
  41  4:17  Drone x3  
  41  4:18  Overlord x2  
  41  4:19  Overlord  
  41  4:21  Hatchery  
  43  4:28  Zerg Missile Weapons Level 1  
  43  4:31  Lair  
  43  4:32  Extractor  
  43  4:33  Extractor  
  41  4:45  Drone x3  
  44  4:48  Drone x3  
  47  5:03  Roach x4  
  47  5:04  Roach  
  57  5:19  Roach  
  57  5:20  Roach x3  
  65  5:29  Glial Reconstitution  
  65  5:43  Roach x4  
  65  5:46  Overlord x3  
  65  5:47  Overlord  
  73  5:59  Hydralisk Den  
  72  6:08  Drone  
  72  6:09  Drone x12  
  85  6:18  Evolution Chamber  
  84  6:53  Extractor  
  83  6:55  Extractor  
  74  7:16  Zerg Missile Weapons Level 2  
  74  7:22  Grooved Spines  
  74  7:23  Extractor  
  74  7:29  Infestation Pit  
  72  7:37  Zerg Ground Armor Level 1  
  72  7:47  Roach x9  
  72  7:48  Roach x4  
  72  7:50  Drone x4  
  102  8:06  Overlord x2  
  102  8:07  Overlord x3  
  102  8:33  Muscular Augments  
  98  8:40  Roach  
  98  8:41  Roach x8  
  104  8:56  Drone x5  
  109  9:19  Hatchery  
  109  9:23  Hydralisk  
  109  9:24  Hydralisk x10  
  130  9:33  Hatchery  
  130  9:36  Zerg Ground Armor Level 2  
  129  9:41  Hive  
  129  9:56  Overlord x2  
  129  9:57  Overlord x5  
  129  10:15  Hydralisk x6  
  129  10:16  Hydralisk x4  
  129  10:20  Hydralisk x4  
  157  10:59  Hydralisk  
  157  11:00  Hydralisk x5, Roach x3  
  157  11:01  Hydralisk x2  
  145  11:21  Hydralisk x17  
  151  11:33  Drone x5  
  151  11:34  Drone x2  
  158  12:00  Hydralisk  
  158  12:02  Roach x8  
  158  12:03  Extractor  
  158  12:07  Extractor  
Tags
 
Composition
Roach Hydra
League
Platinum
Matchup
ZvZ
Race
Zerg
Replay Pack
10.7.19
Spawn Locations
Cross Positions
Add a new tag
Caveats
  • Supply blocks, unpowered buildings, or Contaminate may cause inaccurate times.
  • Supply counts are checked every 10 seconds.